 Dungeon Crawl Stone Soup version 0.29-a0-813-g4a14ea37d6 (webtiles) character file.

Game seed: 18035541962899098950

1253 indigestion the Firebug (level 8, -1/46 HPs)
             Began as an Octopode Fire Elementalist on July 4, 2022.
             Was an Initiate of Makhleb.
             Succumbed to a killer bee's poison
             ... on level 7 of the Dungeon on July 5, 2022.
             The game lasted 00:30:14 (7177 turns).

indigestion the Firebug (OpFE)                      Turns: 7177, Time: 00:30:14

Health: -1/46      AC:  1    Str:  8    XL:     8   Next: 51%
Magic:  11/14      EV: 13    Int: 19    God:    Makhleb [......]
Gold:   402        SH:  0    Dex: 12    Spells: 9/15 levels left

rFire   + . .      SeeInvis .   c - +3 flail (protect)
rCold   x . .      Faith    .   (no shield)
rNeg    + . .      Spirit   .   (helmet restricted)
rPois   .          Reflect  .   (no amulet)
rElec   .          Harm     .   o - ring of fire
rCorr   .          Rampage  .   u - ring of positive energy
Will    .....                   (no ring)
Stlth   +++.......              (no ring)
HPRegen 0.15/turn               (no ring)
MPRegen 0.14/turn               (no ring)
                                (no ring)
                                (no ring)

@: lethally poisoned (-1 -> -18)
A: almost no armour, amphibious, 8 rings, camouflage 1, gelatinous body 1,
(nimble swimmer 1), tentacles
a: Renounce Religion


You were on level 7 of the Dungeon.
You worshipped Makhleb.
Makhleb was noncommittal.
You visited 2 branches of the dungeon, and saw 8 of its levels.

You collected 402 gold pieces.

Inventory:

Hand Weapons
 c - a +3 flail of protection (weapon)
 h - a +1 dagger of electrocution
 s - a +4 spear
Missiles
 i - 4 silver javelins
 z - 2 javelins
Magical Staves
 e - a staff of earth
Jewellery
 o - a ring of fire (left tentacle)
 u - a ring of positive energy (right tentacle)
Wands
 y - a wand of flame (6)
Scrolls
 b - a scroll of summoning {unknown}
 d - a scroll of amnesia
 g - a scroll of identify
 j - a scroll of enchant weapon
 m - a scroll of fear {unknown}
 n - a scroll of enchant armour {unknown}
 q - a scroll of fog {unknown}
 r - a scroll of silence {unknown}
Potions
 a - 2 potions of magic
 f - 3 potions of brilliance
 k - a potion of haste {unknown}
 l - a potion of resistance
 p - 2 potions of curing
 t - a potion of cancellation {unknown}
 v - a potion of heal wounds {unknown}
 w - a potion of lignification {unknown}
 x - 2 potions of might {unknown}


   Skills:
 - Level 3.0 Dodging
 - Level 4.0 Stealth
 * Level 4.3 Spellcasting
 - Level 5.0 Conjurations
 - Level 5.0 Hexes
 - Level 5.2 Fire Magic


You had 9 spell levels left.
You knew the following spells:

 Your Spells              Type           Power      Damage    Failure   Level
a - Foxfire               Conj/Fire      100%       2x1d9     1%          1
b - Scorch                Fire           70%        2d9       2%          2
c - Inner Flame           Hex/Fire       35%        N/A       4%          3

Your spell library contained the following spells:

 Spells                   Type           Power      Damage    Failure   Level
 Conjure Flame            Conj/Fire      35%        6-21      4%          3
 Ensorcelled Hibernation  Hex/Ice        26%        N/A       8%          2
 Beastly Appendage        Tmut           8%         N/A       14%         1
 Flame Wave               Conj/Fire      35%        2d8       16%         4
 Cause Fear               Hex            11%        N/A       17%         4
 Passwall                 Tmut/Erth      3%         N/A       21%         2
 Wereblood                Tmut           4%         N/A       21%         2
 Gell's Gravitas          Tloc           4%         N/A       38%         3
 Spider Form              Tmut/Pois      4%         N/A       38%         3
 Swiftness                Air            4%         N/A       38%         3
 Teleport Other           Tloc           4%         N/A       38%         3
 Dispersal                Tloc           2%         N/A       100%        6
 Discord                  Hex            11%        N/A       100%        8


Dungeon Overview and Level Annotations

Branches:
Dungeon (7/15)             Temple (1/1) D:5

Altars:
Cheibriados
Dithmenos
Fedhas
Gozag
Hepliaklqana
Kikubaaqudgha
Makhleb
Nemelex Xobeh
Okawaru
Qazlal
Ru
Sif Muna
Trog
Uskayaw
Wu Jian
Xom
Yredelemnul
Zin

Shops:
D:6 *

Annotations:
D:3 need blink 2
D:6 shop
D:7 2 transporters


Innate Abilities, Weirdness & Mutations

You cannot wear most types of armour.
You are amphibious.
You can wear up to eight rings at the same time.
Your skin changes colour to match your surroundings (Stealth+).
Your rubbery body absorbs attacks. (AC +1, EV +1)
((You are camouflaged when in or above water. (Stealth+)))
You have tentacles for arms and can constrict up to eight enemies at once.


Message History

The killer bee stings you.
You are poisoned.
The killer bee poisons you!
You feel very sick. The killer bee closely misses you.
Casting: Foxfire (safe; 1% risk of failure)
Confirm with . or Enter, or press ? or * to list all spells.
You feel a surge of power!
You conjure some foxfire!
You feel sick. The killer bee misses you. The killer bee stings you.
You are more poisoned.
The killer bee poisons you!
You feel very sick.
The foxfire hits the killer bee.
The killer bee is lightly wounded.
The foxfire hits the killer bee.
The killer bee is moderately wounded.
The killer bee barely misses you.
Casting: Foxfire (safe; 1% risk of failure)
Confirm with . or Enter, or press ? or * to list all spells.
You feel a surge of power!
You conjure some foxfire!
You feel very sick. The killer bee stings you.
The killer bee barely misses you.
The killer bee attacks as you move away!
The killer bee stings you.
* * * LOW HITPOINT WARNING * * *
You feel sick.
The foxfire hits the killer bee.
The killer bee is heavily wounded.
The foxfire hits the killer bee.
The killer bee is almost dead.
The killer bee closely misses you.
Casting: Foxfire (safe; 1% risk of failure)
Confirm with . or Enter, or press ? or * to list all spells.
You feel a surge of power!
You conjure some foxfire!
You feel sick. The killer bee misses you. The killer bee barely misses you.
The killer bee attacks as you move away!
The killer bee stings you!
* * * LOW HITPOINT WARNING * * *
You are more poisoned.
The killer bee poisons you!
You die...

#.# #.##.....#.. #.#
.'.....###
###.####+####....#...
#..........##....#...
#..........##...)#...
####..........''....'...
#..'.vy.......##...##...
#.##.v......>.#.....#...
#.##...@......#.....#+#.
#..'..........#.........
####..........#.##......
############.##......
#.##...... #.##......
#.##...... #.##......
#.##....D.


You could see a killer bee (ally target).

Vanquished Creatures
  A steam dragon (D:7)
  Menkaure (D:5)
  A water moccasin (D:6)
  2 ice beasts (D:7)
  A phantom (D:4)
  A scorpion (Temple)
  5 hounds
  2 jellies
  A gnoll bouda (D:6)
  4 iguanas
  Robin (D:2)
  8 gnolls
  5 adders
  2 ufetubi
  A worm (D:5)
  A dart slug (D:4)
  5 orcs
  5 bats
  7 endoplasms
  4 giant cockroaches
  8 goblins
  14 hobgoblins
  3 jackals (D:4)
  5 kobolds
  9 quokkas
  3 ball pythons
  3 frilled lizards
  7 rats
110 creatures vanquished.

Vanquished Creatures (others)
  291 foxfires
291 creatures vanquished.

Grand Total: 401 creatures vanquished

Notes
Turn   | Place    | Note
-------+----------+-------------------------------------------
     0 | D:1      | indigestion the Octopode Fire Elementalist began the quest
                  | for the Orb.
     0 | D:1      | Reached XP level 1. HP: 11/11 MP: 3/3
   351 | D:1      | Reached XP level 2. HP: 17/17 MP: 3/5
   838 | D:1      | Reached XP level 3. HP: 18/21 MP: 6/6
  1388 | D:2      | Noticed Robin
  1747 | D:2      | Learned a level 2 spell: Scorch
  1751 | D:2      | Learned a level 3 spell: Inner Flame
  1863 | D:2      | Killed Robin
  1868 | D:2      | Reached XP level 4. HP: 27/27 MP: 0/7
  2292 | D:3      | Found a faded altar of an unknown god.
  2650 | D:3      | Found a glowing silver altar of Zin.
  2650 | D:3      | Found an opulent altar of Gozag.
  3053 | D:3      | Found an iron altar of Okawaru.
  3352 | D:4      | Noticed a phantom
  3432 | D:4      | Reached XP level 5. HP: 31/31 MP: 3/9
  3759 | D:4      | Reached skill level 1 in Hexes
  3759 | D:4      | Reached XP level 6. HP: 35/36 MP: 6/10
  4344 | D:5      | Entered Level 5 of the Dungeon
  4491 | D:5      | Reached XP level 7. HP: 41/41 MP: 3/11
  4790 | D:5      | Found a staircase to the Ecumenical Temple.
  4791 | D:5      | Noticed Menkaure
  4800 | Temple   | Entered the Ecumenical Temple
  4800 | Temple   | Found a transporter.
  4800 | Temple   | Found a transporter.
  4802 | Temple   | Found a transporter.
  4802 | Temple   | Found a transporter.
  4891 | Temple   | Became a worshipper of Makhleb the Destroyer
  5074 | D:5      | Killed Menkaure
  6472 | D:6      | Found Sapadgh's Serpentskin Sales.
  6482 | D:6      | Reached skill level 5 in Hexes
  6482 | D:6      | Reached XP level 8. HP: 34/46 MP: 10/12
  6898 | D:7      | Found a transporter.
  6942 | D:7      | Found a transporter.
  6950 | D:7      | Reached skill level 5 in Conjurations
  7023 | D:7      | Reached skill level 5 in Fire Magic
  7177 | D:7      | HP: 2/46 [killer bee (7)]
  7177 | D:7      | Succumbed to a killer bee's poison

Illustrated notes

Levels and vault maps discovered:
D:1:      dpeg_arrival_refuge, layout_loops_ring, reono_crystal_passage
D:2:      layout_basic, serial_park_tiny_1, interstate_on_off, corner_web_ring,
          uniq_robin
D:3:      layout_loops_ring, grunt_temple_overflow_gold_and_silver,
          okawaru_gym_becter, shapermc_ecumenical_altar_acropolis, st_stairs_2,
          due_unseen_surprise
D:4:      layout_loops_ring
D:5:      layout_cave_pools, minmay_temple_entry_stoned_glass,
          kennysheep_flooded_box, uniq_menkaure
D:6:      layout_basic, grunt_ministairs_11, guppyfry_shop_venom
D:7:      layout_basic, gammafunk_ghost_stat_death, nrook_mini_vaults,
          minmay_fractal_squares_diagonal_5
Temple:   hellmonk_temple_divided_pantheon

Skill      XL: |  1  2  3  4  5  6  7  8 |
---------------+-------------------------+-----
Stealth        | 3 4 |  4.0
Conjurations   | 2 3 4 5 |  5.0
Dodging        | 3 |  3.0
Spellcasting   | 3 4 |  4.3
Fire Magic     | 4 5 |  5.2
Hexes          | 1 3 5 |  5.0

Action                   |  1- 3 |  4- 6 |  7- 9 || total
-------------------------+-------+-------+-------++-------
Melee: Unarmed           |     5 |       |       ||     5
       Tentacles         |     6 |     2 |     1 ||     9
       Constrict         |     6 |     9 |     4 ||    19
       Staff             |    20 |    20 |     3 ||    43
       Punch             |       |     1 |       ||     1
       Flail             |       |       |     8 ||     8
 Cast: Foxfire           |    44 |    72 |    54 ||   170
       Scorch            |       |     8 |     6 ||    14
       Inner Flame       |       |       |    10 ||    10
  Use: Scroll            |     1 |     4 |     8 ||    13
       Potion            |       |       |     1 ||     1
 Stab: Sleeping          |     1 |     2 |     1 ||     4
Armor: Skin              |     3 |     4 |     6 ||    13
Dodge: Dodged            |    22 |    29 |    29 ||    80

Table legend: (Time is in decaauts)
 A = Elapsed time spent in this place.
 B = Non-inter-level travel time spent in this place.
 C = Inter-level travel time spent in this place.
 D = Time resting spent in this place.
 E = Time spent auto-exploring this place.
 F = Levels seen in this place.
 G = Mean time per level.
                   A        B        C        D        E       F      G
               +--------+--------+--------+--------+--------+-----+--------+
         Total |   7195 |   6694 |    501 |   1522 |   3969 |   8 |  899.4 |
       Dungeon |   6934 |   6433 |    501 |   1377 |   3963 |   7 |  990.6 |
        Temple |    260 |    260 |      0 |    145 |      6 |   1 |  260.0 |
               +--------+--------+--------+--------+--------+-----+--------+

Top non-repeatable levels by time:
     D:1: 1646 daAuts
     D:4: 1135 daAuts
     D:5: 1065 daAuts
     D:6: 1064 daAuts
     D:3: 1057 daAuts
     D:2: 718 daAuts
  Temple: 260 daAuts
     D:7: 248 daAuts
